Map: Apotheosis LE

Players

Fropez

  • Race: Protoss Protoss
  • League: Gold
  • Spawn Location: 5:00

Laviathan - Winner!

  • Race: Terran Terran
  • League: Gold
  • Spawn Location: 11:00

VOD

Have the link to the VOD?

Description

Time

  • Played on: Nov. 9, 2016, 2:14 p.m.
  • Length: 10:18
Show
View Real Time Build Order
Export as new Build Order

Fropez Protoss 

Build Orders:  

Get SALT Encoding   

  12  0:03  Probe (Chrono Boost)  
  13  0:14  Probe (Chrono Boost)  
  14  0:18  Pylon  
  14  0:24  Probe (Chrono Boost)  
  15  0:36  Gateway  
  15  0:44  Probe (Chrono Boost)  
  15  0:47  Assimilator  
  16  0:54  Probe (Chrono Boost)  
  17  1:00  Gateway  
  17  1:05  Probe (Chrono Boost)  
  18  1:15  Probe (Chrono Boost)  
  19  1:25  Cybernetics Core  
  19  1:26  Probe (Chrono Boost)  
  19  1:28  Assimilator  
  20  1:41  Probe (Chrono Boost)  
  21  1:52  Probe (Chrono Boost)  
  22  2:07  Pylon  
  22  2:20  Pylon  
  22  2:21  Warp Gate (Chrono Boost)  
  22  2:25  Mothership Core (Chrono Boost)  
  22  2:28  Adept x2  
  28  2:44  Twilight Council  
  28  2:46  Probe  
  29  2:55  Nexus  
  29  3:19  Probe  
  30  3:27  Gateway  
  30  3:29  Gateway  
  30  3:35  Pylon, Probe  
  31  3:48  Resonating Glaives (Chrono Boost)  
  31  3:56  Probe  
  31  3:58  Stalker  
  31  3:59  Stalker  
  36  4:09  Probe x2  
  38  4:23  Probe x2  
  34  4:33  Probe  
  34  4:35  Probe, Stalker x2  
  39  4:41  Pylon  
  39  4:44  Probe  
  39  4:50  Forge  
  39  4:51  Probe  
  41  4:55  Probe  
  42  5:04  Pylon  
  42  5:07  Probe  
  43  5:16  Stalker x3  
  49  5:22  Probe  
  49  5:23  Probe  
  51  5:35  Assimilator x2  
  51  5:37  Stalker  
  51  5:39  Probe  
  54  5:45  Blink (Chrono Boost)  
  54  5:53  Gateway  
  54  5:59  Pylon  
  54  6:07  Adept x3  
  54  6:32  Adept x3  
  50  6:33  Adept  
  50  6:38  Mothership Core  
  56  6:44  Pylon  
  50  6:55  Probe  
  50  6:59  Probe  
  52  7:05  Probe  
  53  7:11  Adept x3, Templar Archives  
  53  7:12  Adept  
  61  7:20  Probe  
  61  7:21  Probe  
  63  7:37  Stalker x4  
  63  7:39  Forge  
  71  7:46  Probe  
  64  8:12  Psionic Storm  
  64  8:16  Adept x5  
  74  8:33  Pylon  
  74  8:36  Gateway  
  74  8:49  Probe  
  74  8:51  Probe  
  74  8:53  Nexus  
  74  8:55  Assimilator  
  76  9:00  Assimilator  
  76  9:01  Probe  
  76  9:02  Pylon  
  77  9:03  Probe  
  77  9:04  Pylon  
  77  9:08  Adept x4, Pylon  
  80  9:13  Pylon  
  78  9:29  Adept x3  
  78  9:30  Adept  
  58  9:56  Stalker x2  
  58  9:57  Stalker x2  
  54  10:15  Adept  
Show
View Real Time Build Order
Export as new Build Order

Laviathan Terran - Winner!

Build Orders: Reaper Expand, MMM Bio 

Get SALT Encoding   

  12  0:01  SCV  
  13  0:13  SCV  
  14  0:19  Supply Depot  
  14  0:25  SCV  
  15  0:40  SCV  
  15  0:41  Barracks  
  16  0:48  Refinery  
  16  0:52  SCV  
  17  1:04  SCV  
  18  1:16  SCV  
  19  1:29  Orbital Command  
  19  1:30  Reaper  
  20  1:43  Command Center  
  20  1:55  Barracks  
  20  2:03  SCV  
  20  2:07  Barracks Reactor  
  21  2:14  Refinery  
  21  2:15  SCV  
  22  2:23  Supply Depot  
  22  2:29  SCV, Factory  
  23  2:43  Barracks Tech Lab  
  23  2:44  Marine x2, SCV  
  26  2:51  Supply Depot  
  26  3:02  SCV  
  27  3:08  Marine x3  
  27  3:10  Stimpack  
  30  3:15  Factory Reactor  
  30  3:20  Orbital Command  
  30  3:27  Marine  
  30  3:28  Marine x2  
  33  3:38  SCV  
  34  3:44  Starport  
  34  3:49  Marine x3  
  34  3:50  SCV  
  38  3:56  SCV  
  38  4:02  SCV  
  40  4:07  Marine x3  
  43  4:10  SCV  
  43  4:14  SCV  
  45  4:22  SCV  
  45  4:26  SCV  
  45  4:34  Marine x3  
  47  4:42  SCV x2  
  47  4:44  Factory Tech Lab  
  49  4:47  Barracks  
  49  4:48  Barracks  
  49  4:50  Medivac x2  
  53  4:54  SCV  
  54  5:00  Supply Depot  
  54  5:03  Supply Depot  
  54  5:05  Supply Depot  
  54  5:11  Combat Shields  
  54  5:21  Siege Tank, SCV x2  
  54  5:22  Marine  
  54  5:23  Marine x2  
  62  5:33  SCV x2  
  64  5:37  Engineering Bay  
  64  5:40  Refinery  
  64  5:41  Marauder  
  66  5:45  SCV x2, Barracks Tech Lab, Medivac x2  
  66  5:48  Barracks Tech Lab  
  72  5:53  Supply Depot  
  72  5:55  Supply Depot  
  72  5:58  SCV x2  
  72  6:04  Marine x2, Marauder  
  78  6:15  SCV x2  
  62  6:43  Marine  
  62  6:44  Marine, Marauder x2  
  66  6:57  Refinery  
  66  7:04  Marine x2, Marauder  
  66  7:05  Medivac x2  
  66  7:07  Command Center  
  74  7:09  Marauder x2  
  74  7:11  Terran Infantry Weapons Level 1  
  74  7:14  Engineering Bay  
  78  7:19  SCV x2  
  78  7:22  Marine  
  81  7:23  Supply Depot  
  81  7:25  Supply Depot  
  81  7:26  Marine, Marauder  
  81  7:29  Marine  
  84  7:31  Concussive Shells  
  85  7:38  Barracks  
  85  7:45  Medivac  
  85  7:46  Marine x2, Marauder  
  85  7:47  Supply Depot, Marauder  
  85  8:13  Marine x2, Marauder x3  
  93  8:20  Refinery  
  93  8:23  Terran Infantry Armor Level 1  
  93  8:26  Armory  
  93  8:31  Marine  
  94  8:35  Marine x3  
  94  8:36  Marauder  
  99  8:41  Orbital Command  
  99  8:44  SCV  
  99  8:46  SCV  
  101  8:49  Marine  
  101  8:52  Marine  
  101  8:53  Marauder  
  101  8:55  Marine  
  106  8:57  Marine, Barracks Tech Lab  
  99  9:26  SCV x2  
  99  9:27  SCV  
  101  9:38  SCV x2  
  101  9:42  SCV  
  100  9:50  SCV x2  
  97  9:54  SCV  
  97  9:57  Marine x5  
  105  10:02  SCV x2  
Tags
 
Composition
MMM Bio
League
GoldGold
Matchup
PvT
Replay Pack
All Mines
Spawn Locations
Cross Positions
Add a new tag
Caveats
  • Supply blocks, unpowered buildings, or Contaminate may cause inaccurate times.
  • Supply counts are checked every 10 seconds.